 Dungeon Crawl Stone Soup version 0.31-a0-667-g39726597b9 (webtiles) character file.

Game seed: 11864229966244844623

51 Demosthentine the Ducker (level 3, 0/28 HPs)
             Began as a Demonspawn Gladiator on Sept 3, 2023.
             Slain by Sigmund
             ... wielding a +0 scythe
              (11 damage)
             ... on level 2 of the Dungeon.
             The game lasted 00:01:28 (735 turns).

Demosthentine the Ducker (Demonspawn Gladiator)      Turns: 735, Time: 00:01:28

Health: 0/28       AC:  4    Str: 16    XL:     3   Next: 58%
Magic:  3/3        EV: 12    Int:  9    God:
Gold:   72         SH:  0    Dex: 14    Spells: 2/2 levels left

rFire   . . .        a - +0 trident
rCold   . . .        (no shield)
rNeg    . . .        b - +0 leather armour
rPois   .            c - +0 helmet
rElec   .            (no cloak)
rCorr   .            (no gloves)
SInv    .            (no boots)
Will    .....        (no amulet)
Stlth   +            (no ring)
HPRegen 0.24/turn    (no ring)
MPRegen 0.08/turn

%: no passive effects
@: confused
A: powered by death 1
a: no special abilities


You were on level 2 of the Dungeon.
You visited 1 branch of the dungeon, and saw 2 of its levels.

You collected 72 gold pieces.

Inventory:

Hand Weapons
 a - a +0 trident (weapon)
Missiles
 d - 2 throwing nets (quivered)
 e - a javelin
Armour
 b - a +0 leather armour (worn)
 c - a +0 helmet (worn)
Scrolls
 g - 2 scrolls of teleportation
 j - a scroll of blinking {unknown}
 k - a scroll of butterflies {unknown}
 l - a scroll of torment {unknown}
Potions
 h - a potion of attraction {unknown}
 i - a potion of brilliance {unknown}


   Skills:
 + Level 2.6 Fighting
 + Level 3.1 Polearms
 - Level 1.7 Throwing
 + Level 1.2 Armour
 + Level 3.1 Dodging


You had 2 spell levels left.
You didn't know any spells.
Your spell library was empty.

Dungeon Overview and Level Annotations

Branches:
Dungeon (2/15)

Altars:

Annotations:
D:2 Sigmund


Innate Abilities, Weirdness & Mutations

You regenerate a little health from kills.


Message History

Aim: Sigmund, wielding a +0 scythe and wearing a +0 robe (almost dead, about 45% to evade your +0 trident)
You reach to attack!
You barely miss Sigmund.
Sigmund is almost dead.
Sigmund gestures wildly while chanting.
Sigmund flickers and vanishes!
Deactivating autopickup; reactivate with Ctrl-A.
Reach: a) +0 trident
Press: ? - help, Dir - move target, f - you That would be overly suicidal.
Okay, then.
Unknown command.
Reach: a) +0 trident
Press: ? - help, Dir - move target You reach to attack!
You closely miss something.
You hear some strange, mumbled words.
You are confused.
Something hits you but does no damage.
Confused reach: a) +0 trident
Press: ? - help, Dir - move target You reach to attack!
You miss something.
You swing at nothing.
Something hits you but does no damage.
You cannot move. (Use ctrl+direction or * direction to attack while stationary and confused.)
You cannot move. (Use ctrl+direction or * direction to attack while stationary and confused.) Confused reach: a) +0 trident
Press: ? - help, Dir - move target You reach to attack!
You closely miss something.
You hear some strange, mumbled words.
You are more confused.
Confused reach: a) +0 trident
Press: ? - help, Dir - move target You reach to attack!
You closely miss something. Something hits you but does no damage.
You swing at nothing.
You feel less wooden.
Your +0 helmet unmelds from your body.
Your +0 leather armour unmelds from your body.
A magic dart appears from out of thin air!
The magic dart hits you! Something hits you!
You die...

#..##.## ####.###..#
.....####'####
######~~~.~~~#
#~♣♣.♣♣~######
#~♣.♣.♣~#....#
+..♣♣♣..+....#
#~♣.♣[♣~#....######
#~♣♣.♣♣~#..@.{....#
#~~~.~~~#....####.#
####'####.....⌠...#
#.#.....#......#
########.........._...#
......>..............##
##########......⌠...⌠#
#.....####### #.....#


There were no monsters in sight!

Vanquished Creatures
  A gnoll (D:1)
  A worm (D:2)
  A dart slug (D:1)
  4 bats (D:1)
  2 endoplasms (D:1)
  A giant cockroach (D:1)
  2 hobgoblins (D:1)
  A quokka (D:1)
  6 ball pythons (D:1)
  5 frilled lizards
  5 goblins (D:1)
  2 kobolds
  6 rats (D:1)
37 creatures vanquished.

Notes
Turn   | Place    | Note
-------+----------+-------------------------------------------
     0 | D:1      | Demosthentine the Demonspawn Gladiator began the quest for
                  | the Orb.
     0 | D:1      | Reached XP level 1. HP: 16/16 MP: 1/1
    86 | D:1      | Gained mutation: You regenerate a little health from kills.
                  | [demonic ancestry]
    86 | D:1      | Reached XP level 2. HP: 21/22 MP: 2/2
   296 | D:1      | Reached skill level 1 in Armour
   296 | D:1      | Reached XP level 3. HP: 23/28 MP: 3/3
   701 | D:2      | Found a faded altar of an unknown god.
   704 | D:2      | Noticed Sigmund
   735 | D:2      | Slain by Sigmund

Illustrated notes

Levels and vault maps discovered:
D:1:      minmay_arrival_stair_chambers, layout_basic
D:2:      layout_rooms, hellmonk_ecumenical_altar_run_dry, serial_corexii_hall,
          corexii_hall_statues_x, corexii_hall_statues_deadend,
          corexii_hall_statues_deadend, corexii_hall_statues_s,
          corexii_hall_statues_x, corexii_hall_statues_t,
          kennysheep_generic_room_9, uniq_sigmund

Skill      XL: |  1  2 |
---------------+-------+-----
Dodging        | 3 |  3.1
Polearms       | 3 |  3.1
Armour         | 1 |  1.2
Fighting       | |  2.6
Throwing       | |  1.7

Action                     || total
---------------------------++-------
  Melee: Trident           ||   135
         Punch             ||     1
  Throw: Throwing net      ||     1
    Use: Scroll            ||     3
         Potion            ||     1
 Armour: Leather armour    ||    51
         Skin              ||    13
  Dodge: Dodged            ||    72

Table legend: (Time is in decaauts)
 A = Elapsed time spent in this place.
 B = Non-inter-level travel time spent in this place.
 C = Inter-level travel time spent in this place.
 D = Time resting spent in this place.
 E = Time spent auto-exploring this place.
 F = Levels seen in this place.
 G = Mean time per level.
                   A        B        C        D        E       F      G
               +--------+--------+--------+--------+--------+-----+--------+
         Total |    757 |    746 |     11 |      0 |    498 |   2 |  378.5 |
       Dungeon |    757 |    746 |     11 |      0 |    498 |   2 |  378.5 |
               +--------+--------+--------+--------+--------+-----+--------+

Top non-repeatable levels by time:
     D:1: 534 daAuts
     D:2: 222 daAuts
